Cogmind - Beta 13 --- EXPLORER MODE // 2024.04.09 @ 14:42:01 Player: Cheeseinator Result: Destroyed by G-67 Veteran with Field Laser Performance ------------- Evolutions (7) 3500 Regions Visited (16) 3200 Robots Destroyed (190) 950 Value Destroyed (7151) 7151 Prototype IDs (3) 60 Alien Tech Used (0) 0 Bonus (197) 197 TOTAL SCORE: 15058 Bonus ------- High Alert Combat Kills 44 Follower Combat Kills 587 Friendly Fire -434 Cogmind --------- Core Integrity 0/1300 Matter 158/300 Energy 100/100 System Corruption 4% Temperature Cool (9) Movement Core (100) Ox1 Location -3/Research Parts ------- > --- POWER (2) -------- (None) > --- PROPULSION (6) --- (None) > --- UTILITY (10) ----- (None) > --- WEAPON (4) ------- Railgun > --- INVENTORY (5) ---- Particle Reactor Advanced ECM Suite Authchip [R/Combat] Nova Cannon Peak State ------------ > --- POWER ------------ Reinforced Fission Core Light Particle Reactor > --- PROPULSION ------- Flexi-carbon Leg Flexi-carbon Leg Flexi-carbon Leg Improved VSS Leg Myomer Leg Advanced VSS Leg > --- UTILITY ---------- Improved Heat Sink Improved Heat Sink Advanced Cooling System Medium Storage Unit Improved Sensor Array Improved Targeting Computer Improved Target Analyzer Backup Plating I Makeshift Light Armor Plating Layered Light Armor Plating > --- WEAPON ----------- Dispersion Rifle Dispersion Rifle Railgun Hardcell Cannon > --- INVENTORY -------- VSS Leg VTOL Module VTOL Module Impulse Thruster Authchip [R/Combat] Arc Thrower Plasma Rifle Heavy Battle Rifle Heavy Shock Bomb Launcher Plasma Flamer [Rating: 112] Favorites ----------- Power Reinforced Deuterium Engine Engine Reinforced Deuterium Engine Power Core Reinforced Fission Core Reactor Light Particle Reactor Propulsion Flexi-carbon Leg Leg Flexi-carbon Leg Hover Unit Antigrav System Flight Unit VTOL Module Utility Medium Storage Unit Device Improved Heat Sink Storage Medium Storage Unit Processor Improved Target Analyzer Protection Improved Medium Armor Plating Weapon Light Cannon Energy Gun Dispersion Rifle Energy Cannon Advanced Plasma Cannon Ballistic Gun Heavy Assault Rifle Ballistic Cannon Light Cannon Launcher Heavy Rocket Launcher Special Weapon Mining Laser Build | -11 -10 -10 -10 -9 -8 -7 -6 -5 -5 -5 -5 -4 -4 -4 -4 -3 ------- Run | Yrd Mat Min Exi Min Mat Fac Fac Fac Upp Upp Zhi Pro Fac Was Fac Res Slots Evolved 15 | . 1 . . . 4 2 2 2 . . . . 2 . . 2 Power 1 | . . . . . . 1 . . . . . . . . . . Propulsion 4 | . . . . . 2 . . . . . . . 1 . . 1 Utility 8 | . . . . . 2 . 2 2 . . . . 1 . . 1 Weapon 2 | . 1 . . . . 1 . . . . . . . . . . Parts Attached 178 | 7 4 . . 7 18 5 31 19 16 15 . 21 10 1 . 24 Power 22 | 1 . . . 2 2 1 3 4 2 . . 2 . . . 5 Engine 12 | 1 . . . 2 1 1 3 2 2 . . . . . . . Core 6 | . . . . . 1 . . 2 . . . 2 . . . 1 Reactor 4 | . . . . . . . . . . . . . . . . 4 Propulsion 50 | 2 . . . 2 8 . 7 4 2 7 . 6 4 1 . 7 Treads . | . . . . . . . . . . . . . . . . . Leg 44 | 2 . . . 2 8 . 7 4 2 7 . 6 4 1 . 1 Wheel . | . . . . . . . . . . . . . . . . . Hover 2 | . . . . . . . . . . . . . . . . 2 Flight 4 | . . . . . . . . . . . . . . . . 4 Utility 57 | 2 . . . . 4 2 13 5 10 5 . 6 5 . . 5 Device 27 | . . . . . 2 . 6 2 6 2 . 2 3 . . 4 Storage 4 | 1 . . . . . 1 1 1 . . . . . . . . Processor 9 | 1 . . . . . . 4 1 2 . . . 1 . . . Hackware . | . . . . . . . . . . . . . . . . . Protection 17 | . . . . . 2 1 2 1 2 3 . 4 1 . . 1 Artifact . | . . . . . . . . . . . . . . . . . Weapon 49 | 2 4 . . 3 4 2 8 6 2 3 . 7 1 . . 7 Energy Gun 14 | 2 2 . . . . . 4 3 . . . 2 1 . . . Energy Cannon 4 | . . . . . . . . 1 . . . 1 . . . 2 Ballistic Gun 14 | . . . . . 3 1 1 1 1 3 . 3 . . . 1 Ballistic Cannon 8 | . 2 . . 2 . . 1 1 1 . . 1 . . . . Launcher 8 | . . . . . 1 1 2 . . . . . . . . 4 Special Weapon 1 | . . . . 1 . . . . . . . . . . . . Impact Weapon . | . . . . . . . . . . . . . . . . . Slashing Weapon . | . . . . . . . . . . . . . . . . . Piercing Weapon . | . . . . . . . . . . . . . . . . . Special Melee Weapon . | . . . . . . . . . . . . . . . . . Unidentified Prototypes 3 | . . . . . . . 3 . . . . . . . . . Parts Lost 41 | . . . . . 1 . 11 3 3 1 . 8 1 . . 13 Power 6 | . . . . . . . 2 2 . . . . . . . 2 Propulsion 8 | . . . . . . . 3 . . . . . . . . 5 Utility 17 | . . . . . . . 4 . 3 1 . 3 1 . . 5 Weapon 10 | . . . . . 1 . 2 1 . . . 5 . . . 1 Highest Loss Streak 7 | . . . . . 1 . 7 2 2 1 . 5 1 . . 6 To Critical Strikes 1 | . . . . . . . . . . . . . . . . 1 Average Slot Usage (%) 93 | . 99 100 100 99 97 100 76 91 94 98 . 95 98 100 100 69 Engine 5 | . 12 12 12 12 4 7 7 3 1 11 . 2 . . . . Core 4 | . . . . . 3 7 2 6 9 . . 7 10 10 10 3 Leg 22 | . 25 25 25 25 32 28 21 20 22 22 . 22 24 25 25 16 Device 11 | . . . . . 8 7 6 9 15 17 . 15 20 20 20 14 Storage 6 | . 12 12 12 12 8 7 4 5 5 5 . 5 5 5 5 2 Processor 9 | . 12 12 12 12 8 7 8 15 10 9 . 5 5 10 10 8 Protection 8 | . . . . . 6 7 4 6 6 9 . 15 12 10 10 7 Energy Gun 6 | . 26 12 12 . . . 7 12 8 . . 4 9 10 10 3 Energy Cannon 1 | . . . . . . . . . 5 5 . 1 . . . . Ballistic Gun 6 | . . . . . 5 21 9 1 6 12 . 9 5 5 5 2 Ballistic Cannon 6 | . 9 25 25 24 13 . . 6 . 3 . 3 5 5 5 2 Naked Turns 94 | . . . . . . . 73 . . . . . . . . 21 Heaviest Build 110 | 19 24 24 24 24 30 110 109 80 81 85 84 94 91 74 74 90 Greatest Support 118 | 20 20 20 20 20 60 60 75 75 65 75 60 75 105 105 100 118 Greatest Overweight (x) 5 | . 1 1 1 1 . 1 3 1 1 1 1 1 1 . . 5 Average Overweight (x) . | . . 1 1 . . . . . . 1 1 . . . . . Largest Inventory Capacity 25 | 10 10 10 10 10 10 25 25 10 10 10 10 10 10 10 10 10 Average Capacity 10 | 8 10 10 10 10 10 17 14 10 10 10 10 10 10 10 10 8 Most Carried 11 | 5 10 10 10 10 10 11 10 10 10 10 10 10 10 10 10 10 Average Carried 8 | 2 7 10 10 9 9 9 5 8 7 9 10 7 9 10 10 7 Final Capacity 25 | 10 10 10 10 10 10 25 10 10 10 10 10 10 10 10 10 5 Final Carried 11 | 5 10 10 10 10 10 11 5 6 9 10 10 7 10 10 10 4 Class Distribution -------------------- 37% | Scavenger-Tank 25% | Scavenger-Gunner 23% | Hacker-Gunner 6% | Scavenger-Skirmisher 3% | Hacker-Mutant Dominant Class ---------------- Hacker-Gunner | -10/Materials Hacker-Gunner | -10/Mines Hacker-Gunner | -10/Exiles Hacker-Gunner | -9/Mines Scavenger-Gunner | -8/Materials Hacker-Gunner | -7/Factory Scavenger-Tank | -6/Factory Scavenger-Gunner | -5/Factory Scavenger-Skirmisher | -5/Upper Caves Scavenger-Gunner | -5/Upper Caves Scavenger-Gunner | -5/Zhirov Scavenger-Tank | -4/Proximity Caves Scavenger-Tank | -4/Factory Scavenger-Gunner | -4/Waste Scavenger-Gunner | -4/Factory Scavenger-Tank | -3/Research Resources | -11 -10 -10 -10 -9 -8 -7 -6 -5 -5 -5 -5 -4 -4 -4 -4 -3 ----------- Run | Yrd Mat Min Exi Min Mat Fac Fac Fac Upp Upp Zhi Pro Fac Was Fac Res Matter Collected 5420 | 216 130 104 . 162 660 40 766 386 462 764 . 793 518 . 15 404 Remotely . | . . . . . . . . . . . . . . . . . Salvage Created 8266 | . 470 241 . 262 526 40 1490 798 498 1148 . 749 868 . . 1176 Parts 399 | . 27 10 . 17 38 4 71 43 25 45 . 18 41 . . 60 Haulers Intercepted 1 | . . . . . . . . . . . . . . . . 1 Recyclers Shooed 11 | . 1 . . 1 2 . 4 2 . . . . 1 . . . Parts Field Recycled . | . . . . . . . . . . . . . . . . . Retrieved Matter . | . . . . . . . . . . . . . . . . . Parts Self-Destructed . | . . . . . . . . . . . . . . . . . Prevented . | . . . . . . . . . . . . . . . . . Kills | -11 -10 -10 -10 -9 -8 -7 -6 -5 -5 -5 -5 -4 -4 -4 -4 -3 ------- Run | Yrd Mat Min Exi Min Mat Fac Fac Fac Upp Upp Zhi Pro Fac Was Fac Res Combat Hostiles Destroyed 125 | . 5 6 . 5 15 1 13 13 11 18 . 9 14 . . 15 Guns 69 | . 5 2 . . 3 1 12 9 5 9 . 8 11 . . 4 Cannons 42 | . . 4 . 5 12 . . 3 5 7 . . 3 . . 3 AOE 7 | . . . . . . . 1 . . . . . . . . 6 Classes Destroyed 18 | . 6 . . 1 2 . 3 1 . 3 . . . . . 2 Worker 14 | . 3 1 . 2 . . 1 3 . . . . 1 . . 3 Builder 20 | . 1 . . . 2 . 6 2 . . . . 3 . . 6 Tunneler 1 | . . . . 1 . . . . . . . . . . . . Hauler 1 | . . . . . . . . . . . . . . . . 1 Recycler 16 | . 3 2 . 2 2 . 6 . . . . . 1 . . . Operator 2 | . . . . . . . 2 . . . . . . . . . Drone 1 | . . . . . . . . 1 . . . . . . . . Watcher 12 | . 1 . . . 4 . 1 4 . . . . 1 . . 1 Swarmer 23 | . 2 5 . . 5 . . . 5 . . . 4 . . 2 Cutter 1 | . . . . . . . . . . . . . . . . 1 Grunt 48 | . 3 1 . 5 5 . 5 5 1 8 . 3 3 . . 9 Brawler 5 | . . . . . . . . . . 3 . 2 . . . . Duelist 5 | . . . . . . . . . . 3 . 2 . . . . Protector 1 | . . . . . . . . . . 1 . . . . . . Sentry 14 | . . . . . 4 1 2 2 1 1 . 1 2 . . . Hunter 10 | . . . . . 1 . 2 3 2 . . . 1 . . 1 Programmer 13 | . . . . . . . 3 2 1 2 . . 4 . . 1 Behemoth 4 | . . . . . . . 1 . 1 . . 1 . . . 1 Best Kill Streak 14 | . 8 4 . 3 10 1 7 4 4 8 . 3 9 . . 14 Combat Bots Only 8 | . 2 2 . 3 3 1 2 3 4 8 . 3 6 . . 7 Max Kills in Single Turn 6 | . 2 1 . 1 1 1 4 2 1 2 . 1 2 . . 6 Gunslinging . | . . . . . . . . . . . . . . . . . Exploded 3 | . . . . . . . 1 . . . . . . . . 3 Melee . | . . . . . . . . . . . . . . . . . Uniques/NPCs Destroyed . | . . . . . . . . . . . . . . . . . Combat | -11 -10 -10 -10 -9 -8 -7 -6 -5 -5 -5 -5 -4 -4 -4 -4 -3 -------- Run | Yrd Mat Min Exi Min Mat Fac Fac Fac Upp Upp Zhi Pro Fac Was Fac Res Hostile Shots Fired 1349 | . 10 20 . 17 69 63 296 116 85 121 . 134 99 . . 319 Missed 435 | . 2 7 . 7 19 26 103 30 23 27 . 35 27 . . 129 Damage Taken 10764 | . 47 88 . 72 438 163 2320 1026 844 1204 . 1236 623 . 17 2686 Core 2622 | . 9 . . 7 41 27 682 50 250 97 . 80 73 . . 1306 Absorbed by Shields 886 | . . . . . . . . . . 116 . 456 243 . . 71 Ignored by Resistances 6567 | . 33 58 . 45 271 116 1372 598 356 772 . 799 513 . 10 1624 Core Remaining (%) 77 | 100 . . . 93 92 96 19 . . . . 52 . . 93 . Volleys Fired 410 | . 15 13 . 29 53 2 72 36 25 35 . 62 32 . . 36 Largest 4 | . 3 3 . 3 3 3 4 4 4 4 . 4 4 . . 4 Hottest 388 | . 140 135 . 170 93 75 273 268 388 204 . 177 276 . . 276 Shots Fired 1151 | . 43 36 . 43 128 6 165 132 87 142 . 166 117 . . 86 Gun 733 | . 33 10 . . 24 6 154 88 58 93 . 134 87 . . 46 Cannon 370 | . 10 26 . 23 104 . 2 44 29 49 . 32 30 . . 21 Launcher 28 | . . . . . . . 9 . . . . . . . . 19 Special 20 | . . . . 20 . . . . . . . . . . . . Kinetic 685 | . 10 26 . 23 128 6 93 51 33 107 . 105 60 . . 43 Thermal 423 | . 33 10 . 20 . . 63 66 54 35 . 61 57 . . 24 Explosive 9 | . . . . . . . 9 . . . . . . . . . Electromagnetic 34 | . . . . . . . . 15 . . . . . . . 19 Robot Hit Streak 54 | . 27 35 . 20 26 26 35 54 17 23 . 41 19 . . 23 Robot Miss Streak 4 | . . 1 . 1 1 . 4 4 1 3 . 2 3 . . 3 Penetration Max 2 | . . . . . . . . . . 1 . 1 1 . . 2 Secondary Targets . | . . . . . . . . . . . . . . . . . Shots Hit Robots 812 | . 27 24 . 29 102 6 129 87 69 105 . 103 71 . . 60 Core Hits 399 | . 18 10 . 11 38 4 76 65 22 38 . 25 33 . . 59 Critical Kills 15 | . . . . . . . 1 . . 5 . 4 4 . . 1 Critical Parts Destroyed 13 | . . . . . . . 1 . . 2 . 1 5 . . 4 Critical Strikes 54 | . 1 2 . . 5 . 4 4 1 9 . 10 11 . . 7 Burn 11 | . 1 2 . . . . 2 3 . . . 3 . . . . Meltdown 3 | . . . . . . . . . . 2 . 1 . . . . Destroy 30 | . . . . . . . 2 . . 6 . 6 11 . . 5 Blast 10 | . . . . . 5 . . 1 1 1 . . . . . 2 Melee Attacks . | . . . . . . . . . . . . . . . . . Impact . | . . . . . . . . . . . . . . . . . Slashing . | . . . . . . . . . . . . . . . . . Piercing . | . . . . . . . . . . . . . . . . . Sneak Attacks . | . . . . . . . . . . . . . . . . . Combat Hostiles . | . . . . . . . . . . . . . . . . . Follow-up Attacks . | . . . . . . . . . . . . . . . . . Damage Inflicted 22550 | . 392 400 . 565 1684 130 3722 2657 1811 2544 . 2233 2329 . . 4083 Guns 12428 | . 300 128 . . 301 130 2747 1625 1032 1355 . 1772 1775 . . 1263 Cannons 6581 | . 90 272 . 349 1383 . 46 820 779 1189 . 461 545 . . 647 Explosions 3129 | . . . . . . . 903 192 . . . . . . . 2034 Melee . | . . . . . . . . . . . . . . . . . Ramming 196 | . 2 . . . . . 26 20 . . . . 9 . . 139 Kinetic 10592 | . 90 272 . 349 1684 130 1427 861 527 1543 . 1413 1060 . . 1236 Thermal 8944 | . 300 128 . 216 . . 1366 1506 1284 1001 . 820 1260 . . 1063 Explosive 903 | . . . . . . . 903 . . . . . . . . . Electromagnetic 1915 | . . . . . . . . 270 . . . . . . . 1645 Impact . | . . . . . . . . . . . . . . . . . Slashing . | . . . . . . . . . . . . . . . . . Piercing . | . . . . . . . . . . . . . . . . . Highest Corruption 7 | . . . . . . . 5 2 2 6 6 7 3 3 3 4 Average Corruption 4 | . . . . . . . 4 1 2 4 6 6 2 3 3 2 Corruption Purged . | . . . . . . . . . . . . . . . . . Corruption Blocked . | . . . . . . . . . . . . . . . . . Effects 225 | . . . . . . . 30 13 14 49 1 103 6 2 4 3 Message Errors 53 | . . . . . . . 8 6 3 8 . 24 1 . 2 1 Matter Fused 54 | . . . . . . . 3 1 6 14 . 26 1 . 1 2 Heat Flow Errors 26 | . . . . . . . 5 2 . 4 . 13 1 1 . . Energy Discharges 30 | . . . . . . . 6 1 3 8 . 10 . 1 1 . Parts Rejected 2 | . . . . . . . 1 . . 1 . . . . . . Parts Fused 2 | . . . . . . . . . . 1 . . 1 . . . Data Loss (minor) 28 | . . . . . . . 3 2 2 7 1 12 1 . . . Data Loss (major) 11 | . . . . . . . . . . 2 . 9 . . . . Misfires 10 | . . . . . . . 2 . . 3 . 5 . . . . Alerts 3 | . . . . . . . . . . . . 3 . . . . Weapon Failures 6 | . . . . . . . 2 1 . 1 . 1 1 . . . Overload Shots 3 | . . . . . . . . . 3 . . . . . . . Overflow Damage 276 | . . 13 . . 3 . 16 102 19 27 . 23 15 . . 58 Projectiles 180 | . . 13 . . 3 . . 46 19 27 . 23 15 . . 34 Explosions 85 | . . . . . . . 9 56 . . . . . . . 20 Melee 11 | . . . . . . . 7 . . . . . . . . 4 Knockbacks 55 | . 1 2 . 1 16 . 2 20 . 2 . . 8 . . 3 Impact 1 | . . . . . . . . . . . . . . . . 1 Kinetic 52 | . 1 2 . 1 15 . 2 20 . 2 . . 7 . . 2 Secondary 2 | . . . . . 1 . . . . . . . 1 . . . Self-Inflicted Damage 376 | . . . . . . . 20 222 . . . . . . . 134 Shots 14 | . . . . . . . 3 4 . . . . . . . 7 Rammed 7 | . . . . . . . 2 . . . . . . . . 5 Targets Rammed 23 | . 1 . . . 1 . 3 3 . . . . 1 . . 14 Kicked 16 | . 1 . . . 1 . 1 3 . . . . 1 . . 9 Crushed . | . . . . . . . . . . . . . . . . . Highest Temperature 646 | . 448 428 . 311 42 16 466 467 646 440 . 261 583 133 . 209 Average Temperature 116 | . 187 144 . 54 8 9 105 155 220 85 . 64 193 67 . 72 Received Heat Transfer 2608 | . 33 45 . 69 216 84 576 168 45 579 . 191 62 . . 540 Effects 44 | . 2 3 . 3 . . 5 5 14 2 . . 10 . . . Shutdowns 17 | . . . . . . . 3 3 5 2 . . 4 . . . Energy Bleed 7 | . . 2 . . . . . . 2 . . . 3 . . . Interference 10 | . 1 . . 3 . . 2 2 2 . . . . . . . Matter Decay 3 | . . . . . . . . . 2 . . . 1 . . . Short Circuit 3 | . 1 . . . . . . . 1 . . . 1 . . . Damage (minor) 2 | . . 1 . . . . . . . . . . 1 . . . Damage (core) 2 | . . . . . . . . . 2 . . . . . . . Siege Activations . | . . . . . . . . . . . . . . . . . Robots Corrupted 2 | . . . . . . . . . . . . . . . . 2 Combat Hostiles 2 | . . . . . . . . . . . . . . . . 2 Parts Fried 7 | . . . . . . . . 3 . . . . . . . 4 Impact Corruptions 3 | . . . . . . . 1 . . . . . . . . 2 Robots Melted 5 | . . . . . . . . 1 1 2 . 1 . . . . Combat Hostiles 5 | . . . . . . . . 1 1 2 . 1 . . . . Parts Melted 21 | . 1 . . . . . 6 6 2 2 . 3 1 . . . Heat Transferred 14793 | . 889 444 . 450 . . 2192 2862 1901 1376 . 1800 1628 . . 1251 Parts Sabotaged . | . . . . . . . . . . . . . . . . . Parts Stolen . | . . . . . . . . . . . . . . . . . Parts Stripped . | . . . . . . . . . . . . . . . . . Power Chain Reactions 3 | . . . . . . . . . . . . . . . . 3 Alert | -11 -10 -10 -10 -9 -8 -7 -6 -5 -5 -5 -5 -4 -4 -4 -4 -3 ------- Run | Yrd Mat Min Exi Min Mat Fac Fac Fac Upp Upp Zhi Pro Fac Was Fac Res Peak Influence 609 | . 152 241 . 138 499 165 219 363 . . . . 271 49 110 609 Initial 90 | . . 11 . . 4 90 59 14 . . . . . 49 26 42 Average 111 | . 74 126 . 40 202 96 78 91 . . . . 109 49 69 270 Maximum Alert Level 2 | . . 1 . . 2 . 1 1 . . . . 1 . . 2 Low Security (%) 83 | 100 100 71 . 100 44 100 97 92 . . . . 84 100 100 35 Level 1 12 | . . 28 . . 50 . 2 7 . . . . 15 . . 28 Level 2 4 | . . . . . 4 . . . . . . . . . . 35 Level 3 . | . . . . . . . . . . . . . . . . . Level 4 . | . . . . . . . . . . . . . . . . . Level 5 . | . . . . . . . . . . . . . . . . . High Security . | . . . . . . . . . . . . . . . . . Max Security . | . . . . . . . . . . . . . . . . . Squads Dispatched 25 | . . . . 1 5 1 6 2 . 1 . . 2 . . 7 Investigation 3 | . . . . 1 . . . 1 . . . . . . . 1 Extermination 6 | . . . . . . . 3 1 . . . . 1 . . 1 Reinforcement 12 | . . . . . 2 1 3 . . . . . 1 . . 5 Assault 1 | . . . . . . . . . . 1 . . . . . . Garrison 3 | . . . . . 3 . . . . . . . . . . . Intercept . | . . . . . . . . . . . . . . . . . Searches Triggered . | . . . . . . . . . . . . . . . . . Construction Impeded 5 | . . . . . . . 1 . . . . . 1 . . 3 Haulers Reinforced 1 | . . . . . . . . . . . . . . . . 1 Active Scanning Responses . | . . . . . . . . . . . . . . . . . Cargo Convoy Interrupts . | . . . . . . . . . . . . . . . . . Stealth | -11 -10 -10 -10 -9 -8 -7 -6 -5 -5 -5 -5 -4 -4 -4 -4 -3 --------- Run | Yrd Mat Min Exi Min Mat Fac Fac Fac Upp Upp Zhi Pro Fac Was Fac Res Distress Signals 12 | . 1 . . . 3 . . . . . . . 1 . . 7 Communications Jammed . | . . . . . . . . . . . . . . . . . Distress Signals . | . . . . . . . . . . . . . . . . . Times Spotted 205 | . 5 8 . 5 24 3 18 23 11 21 . 10 20 . 1 56 Peak Tracking Total 14 | . 3 3 . 2 4 2 4 5 3 9 . 3 6 . 1 14 Tactical Retreats 17 | . . 1 . . 1 . . 3 . 1 . 1 1 . . 9 Traps | -11 -10 -10 -10 -9 -8 -7 -6 -5 -5 -5 -5 -4 -4 -4 -4 -3 ------- Run | Yrd Mat Min Exi Min Mat Fac Fac Fac Upp Upp Zhi Pro Fac Was Fac Res Traps Triggered 8 | . 1 . . . 1 . 2 2 . . . . 1 . . 1 Indirectly . | . . . . . . . . . . . . . . . . . Trap Hack Attempts . | . . . . . . . . . . . . . . . . . Triggered . | . . . . . . . . . . . . . . . . . Disarmed . | . . . . . . . . . . . . . . . . . Reprogrammed . | . . . . . . . . . . . . . . . . . Reused . | . . . . . . . . . . . . . . . . . Traps Extracted . | . . . . . . . . . . . . . . . . . Installed . | . . . . . . . . . . . . . . . . . Triggered 3 | . . 2 . . . . . . . . . . . . . 1 Machines | -11 -10 -10 -10 -9 -8 -7 -6 -5 -5 -5 -5 -4 -4 -4 -4 -3 ---------- Run | Yrd Mat Min Exi Min Mat Fac Fac Fac Upp Upp Zhi Pro Fac Was Fac Res Machines Disabled 15 | . . . . 1 1 . 1 8 . . . . 2 . . 2 Max in Single Turn 4 | . . . . 1 1 . 1 4 . . . . 1 . . 1 Machines Repaired . | . . . . . . . . . . . . . . . . . Machines Dismantled . | . . . . . . . . . . . . . . . . . Machines Sabotaged . | . . . . . . . . . . . . . . . . . Overloaded Fab Kills . | . . . . . . . . . . . . . . . . . Hacking | -11 -10 -10 -10 -9 -8 -7 -6 -5 -5 -5 -5 -4 -4 -4 -4 -3 --------- Run | Yrd Mat Min Exi Min Mat Fac Fac Fac Upp Upp Zhi Pro Fac Was Fac Res Machines Accessed 6 | . 1 . 1 2 . . . . . 1 . . . . . 1 Terminals 3 | . 1 . . 1 . . . . . . . . . . . 1 Fabricators . | . . . . . . . . . . . . . . . . . Repair Stations . | . . . . . . . . . . . . . . . . . Recycling Units . | . . . . . . . . . . . . . . . . . Scanalyzers . | . . . . . . . . . . . . . . . . . Garrison Access . | . . . . . . . . . . . . . . . . . Total Hacks 34 | . 2 . 23 5 . . . . . 3 . . . . . 1 Successful 32 | . . . 23 5 . . . . . 3 . . . . . 1 Failed 2 | . 2 . . . . . . . . . . . . . . . Catastrophic . | . . . . . . . . . . . . . . . . . Database Lockouts . | . . . . . . . . . . . . . . . . . Manual 3 | . 2 . . 1 . . . . . . . . . . . . Terminals 7 | . 2 . . 4 . . . . . . . . . . . 1 Fabricators . | . . . . . . . . . . . . . . . . . Repair Stations . | . . . . . . . . . . . . . . . . . Recycling Units . | . . . . . . . . . . . . . . . . . Scanalyzers . | . . . . . . . . . . . . . . . . . Garrison Access . | . . . . . . . . . . . . . . . . . Terminal Hacks 32 | . . . 23 5 . . . . . 3 . . . . . 1 Record 30 | . . . 23 4 . . . . . 3 . . . . . . Open Door 1 | . . . . 1 . . . . . . . . . . . . Open DSF 1 | . . . . . . . . . . . . . . . . 1 Fabricator Hacks . | . . . . . . . . . . . . . . . . . Repair Station Hacks . | . . . . . . . . . . . . . . . . . Recycling Unit Hacks . | . . . . . . . . . . . . . . . . . Scanalyzer . | . . . . . . . . . . . . . . . . . Garrison Access Hacks . | . . . . . . . . . . . . . . . . . Unauthorized Hacks . | . . . . . . . . . . . . . . . . . Terminals . | . . . . . . . . . . . . . . . . . Fabricators . | . . . . . . . . . . . . . . . . . Repair Stations . | . . . . . . . . . . . . . . . . . Recycling Units . | . . . . . . . . . . . . . . . . . Scanalyzers . | . . . . . . . . . . . . . . . . . Garrison Access . | . . . . . . . . . . . . . . . . . Data Cores Recovered . | . . . . . . . . . . . . . . . . . Used . | . . . . . . . . . . . . . . . . . Hacking Detections 2 | . 1 . . 1 . . . . . . . . . . . . Full Trace Events 1 | . . . . 1 . . . . . . . . . . . . Feedback Events . | . . . . . . . . . . . . . . . . . Feedback Blocked . | . . . . . . . . . . . . . . . . . Robot Schematics Acquired . | . . . . . . . . . . . . . . . . . Robots Built . | . . . . . . . . . . . . . . . . . Authchips . | . . . . . . . . . . . . . . . . . Time . | . . . . . . . . . . . . . . . . . Total Robot Build Rating . | . . . . . . . . . . . . . . . . . Part Schematics Acquired . | . . . . . . . . . . . . . . . . . Parts Built . | . . . . . . . . . . . . . . . . . Authchips . | . . . . . . . . . . . . . . . . . Time . | . . . . . . . . . . . . . . . . . Total Part Build Rating . | . . . . . . . . . . . . . . . . . Parts Repaired . | . . . . . . . . . . . . . . . . . Time . | . . . . . . . . . . . . . . . . . Parts Recycled . | . . . . . . . . . . . . . . . . . Recycled Matter . | . . . . . . . . . . . . . . . . . Retrieved Matter . | . . . . . . . . . . . . . . . . . Retrieved Components . | . . . . . . . . . . . . . . . . . Parts Scanalyzed . | . . . . . . . . . . . . . . . . . Part Schematics Acquired . | . . . . . . . . . . . . . . . . . Parts Damaged . | . . . . . . . . . . . . . . . . . Bothacking | -11 -10 -10 -10 -9 -8 -7 -6 -5 -5 -5 -5 -4 -4 -4 -4 -3 ------------ Run | Yrd Mat Min Exi Min Mat Fac Fac Fac Upp Upp Zhi Pro Fac Was Fac Res Used RIF Installer . | . . . . . . . . . . . . . . . . . Robots Hacked . | . . . . . . . . . . . . . . . . . Non-combat . | . . . . . . . . . . . . . . . . . Combat . | . . . . . . . . . . . . . . . . . Robot Hacks Applied . | . . . . . . . . . . . . . . . . . Relay Couplers Released 3 | . . . . . . . . . . . . . . . . 3 Programmers 3 | . . . . . . . . . . . . . . . . 3 Fabnet Peak Effective % . | . . . . . . . . . . . . . . . . . Robots Rewired . | . . . . . . . . . . . . . . . . . Allies Hacked 1 | . . . . . . . . . . . . . . . . 1 Hacks Repelled . | . . . . . . . . . . . . . . . . . Allies | -11 -10 -10 -10 -9 -8 -7 -6 -5 -5 -5 -5 -4 -4 -4 -4 -3 -------- Run | Yrd Mat Min Exi Min Mat Fac Fac Fac Upp Upp Zhi Pro Fac Was Fac Res Total Allies 21 | . . . . 1 . . . . . . . . . 20 . . Largest Group 20 | . . . . 1 . . . . . . . . . 20 20 15 Highest-Rated Group 794 | . . . . 31 . . . . . . . . . 794 794 606 Highest-Rated Ally 50 | . . . . 31 . . . . . . . . . 50 50 50 Total Orders . | . . . . . . . . . . . . . . . . . Ally Attacks 110 | . . . . . . . . . . . . . . . 19 91 Total Damage 3571 | . . . . . . . . . . . . . . . 338 3233 Kills 18 | . . . . . . . . . . . . . . . 4 14 Allies Corrupted 4 | . . . . . . . . . . . . . . . 3 1 Allies Melted . | . . . . . . . . . . . . . . . . . Intel | -11 -10 -10 -10 -9 -8 -7 -6 -5 -5 -5 -5 -4 -4 -4 -4 -3 ------- Run | Yrd Mat Min Exi Min Mat Fac Fac Fac Upp Upp Zhi Pro Fac Was Fac Res Robot Analysis Total . | . . . . . . . . . . . . . . . . . Derelict Logs Recovered 6 | . . . . 1 . . . . . 2 . 3 . . . . Drone Launches . | . . . . . . . . . . . . . . . . . Drone Recoveries . | . . . . . . . . . . . . . . . . . Exploration | -11 -10 -10 -10 -9 -8 -7 -6 -5 -5 -5 -5 -4 -4 -4 -4 -3 ------------- Run | Yrd Mat Min Exi Min Mat Fac Fac Fac Upp Upp Zhi Pro Fac Was Fac Res Turns Passed 15640 | 115 572 369 706 1094 629 175 1476 1291 1147 2516 8 3543 754 106 210 929 Spaces Moved 8211 | 94 297 170 369 489 344 108 926 580 491 1213 5 1734 421 78 141 751 Core 400 | 18 . . . . . . 159 . . . . . . . . 223 Treads . | . . . . . . . . . . . . . . . . . Legs 7601 | 76 297 170 369 489 344 108 767 580 491 1213 5 1734 421 78 141 318 Wheels . | . . . . . . . . . . . . . . . . . Hover 2 | . . . . . . . . . . . . . . . . 2 Flight 208 | . . . . . . . . . . . . . . . . 208 Fastest Speed 40 | 50 120 190 190 120 120 120 50 115 120 190 190 120 114 114 114 40 Average Speed 159 | 106 162 190 190 188 120 148 126 163 187 190 190 188 122 114 114 83 Slowest Speed 330 | 120 190 190 190 190 120 190 330 193 192 190 190 190 190 120 114 300 Overloaded Moves . | . . . . . . . . . . . . . . . . . Propulsion Burnouts . | . . . . . . . . . . . . . . . . . Robots Hopped 2 | . . . . . . . . . . . . . . . . 2 Cave-ins Triggered 1 | . . . . . . . . . . . . 1 . . . . Exploration Rate (%) 39 | 5 40 45 77 72 26 5 20 15 59 88 7 97 13 66 4 27 Regions Visited 16 Branch Regions 7 Pre-discovered Areas 2 | . . . 1 . . . . . . . . 1 . . . . Known Exits Taken 14 | 1 1 1 1 1 1 1 1 1 1 1 1 1 . . 1 . Unknown Exits Taken . | . . . . . . . . . . . . . . . . . Scrap Searched 9 | . . 1 . . . . . . 3 2 . 3 . . . . Spaces Dug 18 | . . . . 7 . . . . . . . 11 . . . . Terrain Destroyed 176 | . . . . 8 . . 31 55 8 11 . 22 26 . . 15 Melee . | . . . . . . . . . . . . . . . . . Projectile 82 | . . . . 8 . . . 2 8 11 . 22 26 . . 5 AOE 94 | . . . . . . . 31 53 . . . . . . . 10 Terrain Rammed . | . . . . . . . . . . . . . . . . . Walls Destroyed . | . . . . . . . . . . . . . . . . . Machines Disabled . | . . . . . . . . . . . . . . . . . Actions | -11 -10 -10 -10 -9 -8 -7 -6 -5 -5 -5 -5 -4 -4 -4 -4 -3 --------- Run | Yrd Mat Min Exi Min Mat Fac Fac Fac Upp Upp Zhi Pro Fac Was Fac Res Total 9846 | 106 353 188 374 585 451 117 1084 828 655 1343 4 1888 585 95 190 1000 Wait 859 | . 27 6 6 50 16 3 41 173 112 58 . 52 105 15 50 145 Move 8192 | 93 296 169 368 488 343 107 925 579 490 1212 4 1733 421 77 140 747 Hop 2 | . . . . . . . . . . . . . . . . 2 Pick Up 58 | 6 6 . . 3 5 . 3 9 5 8 . 7 6 . . . Fast Attach 78 | 6 3 . . 3 8 . 20 2 6 4 . 6 6 . . 14 Attach 50 | 1 1 . . . 2 2 10 7 3 4 . 10 2 . . 8 Detach 31 | . 1 . . . 1 . 4 3 2 . . 3 3 . . 14 Swap 50 | . . . . 4 8 3 1 10 7 7 . 5 2 1 . 2 Drop 92 | . 3 . . 8 14 . 5 6 5 15 . 10 7 1 . 18 Fire 410 | . 15 13 . 29 53 2 72 36 25 35 . 62 32 . . 36 Melee . | . . . . . . . . . . . . . . . . . Ram 7 | . . . . . . . 2 . . . . . . . . 5 Kick 16 | . 1 . . . 1 . 1 3 . . . . 1 . . 9 Crush . | . . . . . . . . . . . . . . . . . Escape Stasis . | . . . . . . . . . . . . . . . . . Rewire 1 | . . . . . . . . . . . . . . 1 . . Trap . | . . . . . . . . . . . . . . . . . Miscellaneous . | . . . . . . . . . . . . . . . . . Route ------- -11/Scrapyard -10/Materials -10/Mines -10/Exiles (discovered 2 exits: *Min x2) -9/Mines -8/Materials -7/Factory -6/Factory -5/Factory (discovered 2 exits: *Upp / *Ext) -5/Upper Caves -5/Upper Caves -5/Zhirov -4/Proximity Caves -4/Factory (discovered 2 exits: Res / *Upp) -4/Waste -4/Factory (discovered 2 exits: *Res / *Upp) -3/Research (discovered 1 exit: Res) History --------- Turn | Location | Event 7 | -11/Scrapyard | Identified exit to Materials 7 | -11/Scrapyard | Discovered exit to Materials (range 14) 116 | -11/Scrapyard | Entered Materials 116 | -10/Materials | Evolved 1 slot: Weapon x1 559 | -10/Materials | Identified exit to Mines 559 | -10/Materials | Discovered exit to Mines (range 16) 597 | -10/Materials | Build established: Hacker-Gunner 688 | -10/Materials | Entered Mines 1046 | -10/Mines | Deemed a non-threat by the Exiles lab entrance 1048 | -10/Mines | Identified exit to Exiles 1048 | -10/Mines | Discovered exit to Exiles (range 5) 1057 | -10/Mines | Entered Exiles 1084 | -10/Exiles | Identified exit to Mines 1084 | -10/Exiles | Discovered exit to Mines (range 15) 1135 | -10/Exiles | Met 8R-AWN 1164 | -10/Exiles | Met EX-HEX 1261 | -10/Exiles | Met EX-DEC 1311 | -10/Exiles | Visited The Gauntlet 1568 | -10/Exiles | Learned location of Zion (-6) 1675 | -10/Exiles | Discovered exit to Mines (range 14) 1763 | -10/Exiles | Entered Mines 1766 | -9/Mines | Received a Mining Laser from a helpful Derelict 2096 | -9/Mines | Found the Drone Emporium 2141 | -9/Mines | Learned Materials emergency access door positions 2601 | -9/Mines | Identified exit to Materials 2601 | -9/Mines | Discovered exit to Materials (range 10) 2857 | -9/Mines | Entered Materials 2857 | -8/Materials | Evolved 4 slots: Propulsion x2, Utility x2 3144 | -8/Materials | Garrison activated, responded to threat 3318 | -8/Materials | Build established: Scavenger-Gunner 3372 | -8/Materials | Met 7R-MNS 3441 | -8/Materials | Identified exit to Factory 3441 | -8/Materials | Discovered exit to Factory (range 15) 3486 | -8/Materials | Entered Factory 3486 | -7/Factory | Evolved 2 slots: Power x1, Weapon x1 3487 | -7/Factory | Caught up to 7R-MNS 3634 | -7/Factory | Identified exit to Factory 3634 | -7/Factory | Discovered exit to Factory (range 9) 3661 | -7/Factory | Entered another Factory area 3661 | -6/Factory | Evolved 2 slots: Utility x2 4082 | -6/Factory | Spotted B-75 Beast 4205 | -6/Factory | Destroyed B-75 Beast 4223 | -6/Factory | Released all parts (10) 4248 | -6/Factory | Lost 7 parts (1p2n2u2w) 4287 | -6/Factory | Core integrity fell below 50% 4693 | -6/Factory | Core integrity fell below 20% 4891 | -6/Factory | Build established: Scavenger-Tank 5128 | -6/Factory | Identified exit to Factory 5128 | -6/Factory | Discovered exit to Factory (range 9) 5137 | -6/Factory | Entered another Factory area 5137 | -5/Factory | Evolved 2 slots: Utility x2 5282 | -5/Factory | Build established: Scavenger-Gunner 6389 | -5/Factory | Identified exit to Upper Caves 6389 | -5/Factory | Discovered exit to Upper Caves (range 12) 6389 | -5/Factory | Identified exit to Extension 6389 | -5/Factory | Discovered exit to Extension (range 14) 6428 | -5/Factory | Entered Upper Caves 6680 | -5/Upper Caves | Build established: Scavenger-Skirmisher 7301 | -5/Upper Caves | Spotted B-75 Beast 7348 | -5/Upper Caves | Destroyed B-75 Beast 7453 | -5/Upper Caves | Attracted the attention of an 0b10 checkpoint 7556 | -5/Upper Caves | Identified exit to Upper Caves 7556 | -5/Upper Caves | Discovered exit to Upper Caves (range 8) 7575 | -5/Upper Caves | Entered another Upper Caves area 7667 | -5/Upper Caves | Build established: Scavenger-Gunner 7820 | -5/Upper Caves | Learned 4 Factory zone layouts 7879 | -5/Upper Caves | Learned location of 1 exit from Factory 7879 | -5/Upper Caves | Learned Research emergency access door positions 9334 | -5/Upper Caves | Attracted the attention of an 0b10 outpost 9411 | -5/Upper Caves | Destroyed 8 combat bots 9664 | -5/Upper Caves | Build established: Scavenger-Tank 9952 | -5/Upper Caves | Learned Factory emergency access door positions 9995 | -5/Upper Caves | Identified exit to Zhirov 9995 | -5/Upper Caves | Discovered exit to Zhirov (range 8) 10091 | -5/Upper Caves | Entered Zhirov 10091 | -5/Zhirov | Identified exit to Proximity Caves 10091 | -5/Zhirov | Discovered exit to Proximity Caves (range 3) 10099 | -5/Zhirov | Entered Proximity Caves 10337 | -4/Proximity Caves | Attracted the attention of an 0b10 checkpoint 10344 | -4/Proximity Caves | Received a Behemoth hack from an annoying Tinkerer 10420 | -4/Proximity Caves | Learned Research stockpile data 10488 | -4/Proximity Caves | Learned location of Quarantine (-3) 11146 | -4/Proximity Caves | Spotted B-86 Titan 11472 | -4/Proximity Caves | Destroyed B-86 Titan 11490 | -4/Proximity Caves | Lost 5 parts (2u3w) 11938 | -4/Proximity Caves | Learned 4 Research zone layouts 12838 | -4/Proximity Caves | Crushed by falling debris 13604 | -4/Proximity Caves | Identified exit to Factory 13604 | -4/Proximity Caves | Discovered exit to Factory (range 8) 13642 | -4/Proximity Caves | Entered Factory 13642 | -4/Factory | Evolved 2 slots: Propulsion x1, Utility x1 13643 | -4/Factory | Identified exit to Research 13644 | -4/Factory | Identified exit to Upper Caves 14396 | -4/Factory | Sucked down chute 14396 | -4/Factory | Entered Waste 14397 | -4/Waste | Joined by Warlord forces that had cleared the area 14463 | -4/Waste | Identified exit to Factory 14463 | -4/Waste | Discovered exit to Factory (range 13) 14502 | -4/Waste | Entered Factory 14502 | -4/Factory | Accompanied by 20 allies 14575 | -4/Factory | Build established: Scavenger-Gunner 14647 | -4/Factory | Lost 5 allies 14648 | -4/Factory | Discovered exit to Research (range 11) 14666 | -4/Factory | Discovered exit to Upper Caves (range 16) 14712 | -4/Factory | Entered Research 14712 | -3/Research | Accompanied by 15 allies 14712 | -3/Research | Evolved 2 slots: Propulsion x1, Utility x1 14713 | -3/Research | Identified exit to Research 15095 | -3/Research | Spotted B-86 Titan 15110 | -3/Research | Destroyed B-86 Titan 15112 | -3/Research | Build established: Scavenger-Tank 15141 | -3/Research | Lost 9 allies 15224 | -3/Research | Destroyed 7 combat bots 15452 | -3/Research | Lost 6 parts (1p2n3u) 15537 | -3/Research | Spotted B-86 Titan 15588 | -3/Research | Core integrity fell below 50% 15610 | -3/Research | Core integrity fell below 20% 15633 | -3/Research | Lost 3 parts (2n1w) 15641 | -3/Research | Destroyed by G-67 Veteran with Field Laser Last Messages --------------- 15610_ Penetrated by Slug. 15611_ Slug penetrates Wall. 15611_ Knocked back. 15612_ C-35 Carver knocked back. 15612_ C-35 Carver destroyed. 15613_ Penetrated by Slug. 15613_ Slug penetrates Wall. 15614_ Penetrated by Slug. 15622_ Acquired Railgun. 15624_ Slug penetrates Wall. 15626_ Slug penetrates C-35 Carver. 15626_ Slug penetrates Wall. 15628_ C-35 Carver destroyed. 15631_ Acquired 31 matter. 15633_ Acquired Mic. Nuclear Core. 15634_ Slug penetrates H-77 Assassin. 15638_ Penetrated by Slug. 15638_ Slug penetrates H-77 Assassin. 15639_ Mic. Nuclear Core destroyed. 15640_ Slug penetrates G-67 Veteran. Map ----- +----------------------------------------------------+ | ???????????????# #???????????????????? | | ???????????????# #???????????????????? | | ???????????????# #????#+#????????????? | | ???????????????# #????# #???? #??????? | | ??????????????## ##???# #?? #??????? | | ??????????????# ##### # #??????? | | ??????????????+ + #??????? | | ??????????????# ##### # #??????? | | ??????????????#####???# #?? #??###+# | | ??????????????????????# #???? #??# | | ??????????????????????# #????????# | | ??????????????????????# ########## | | ??????????????????????# | | ??????????????????????####### #### | | ????????????????????????#####+#### " | | ????????????????????????# % # " | | ????????????????????????# # | | ????????????????????????# # | | ????????????????????????# """ # | | ????????????????????????# """" + | | ?????????########???????# """" # | | ?????????# #???????# """ # | | ?????????# #???????# # | | ?????????# = #???????# # | | ?????????# #???????########## | | ?????????# @ #???????????????# | | ?????????# hgh!#???????????????#T | | ?????????####/###???????????????## | | ????????????# #??????????????????# | | ????????????#g#????############### | | ????????????#Y#????# | | ????????????# #????# | | ????????????#g#????# | | ????????????# #????# | | ????????????# #?#### "###"""#"""### | | ????????????# ### # # | | ????????????#B # " ! # | | ????????????#B # *%= # | | ############# # = + | | # " # | | # # % " """ """ # | | # # " """ """ # | | # " """ """ # | | # !!# """ """ # | | # == ! # """ """ # | | # = # # | | # # =[ #=? # | | # #/ ##?#" "T"""### | | # #% = #??########??? | | # "! #????????????? | +----------------------------------------------------+ Best States ------------- Heat Dissipation 105 Energy Generation 37 Energy Capacity 530 Matter Stores 300 Matter Capacity 300 Sight Range 16 Robot Scan Range 15 Terrain Scan Density 10 ECM Strength 2 Armor Coverage 775 Resistance: KI 35 Resistance: TH 35 Resistance: EX 35 Resistance: EM 35 Resistance: I 35 Resistance: S 35 Resistance: P 35 Phase Shifting 5 Evasion (%) 62 Targeting Accuracy 6 Target Analysis 6 Offensive Hacking 20 Authchip Count 1 Item Schematics ----------------- None Robot Schematics ------------------ None Fabricated ------------ Nothing Alien Tech Used ----------------- None Achievements -------------- Dangerous Findings Knowing Is Half The Battle Librarian Respectable Loadout We Are Legion Challenges ------------ None Game ------ Seed HypervelocityDrainedFirepult Manual? 0 Play Time 01:34:44 Cumulative 11.6 hours Start 2024.04.09 @ 12:59:45 End 2024.04.09 @ 14:42:01 Sessions 1 Manual Loads 0 Difficulty Explorer Special Mode None Game No. 15 Rogue 3 Adventurer 11 Explorer 1 Win Type - Total 0 Types 0/0/0/0/0/0/0/0/0 Lore% 9 Gallery% 21 Achievement% 19 Wizard Run 0 Options --------- Layout 0 ASCII 0 Keyboard 1 Movement Numpad Keybinds 0 Fullscreen 2 Font 18/Terminus Map View 76x50 Zoom Use 0% Tactical HUD 1 Map Filters NONE Filters NONE Steam 1 RUN: 06f4b801-3f00-4655-911a-7673a15a7f5b